TOP OF THE 1ST |
Kelowna Heat batting - Pitching for Tijuana Toros : RHP Kenny Samuels
|
Pitching: RHP Kenny Samuels
|
|
Batting: LHB Mason Duffy
|
0-0: Called Strike 0-1: Ball 1-1: SINGLE (Groundball, 34S, EV 67.5 MPH) (infield hit)
|
Batting: RHB Coen Dirks
|
0-0: Ball 1-0: Called Strike 1-1: Foul Ball, location: 2F 1-2: Foul Ball, location: 2F 1-2: Strikes out swinging
|
Batting: LHB Mike Roberts
|
0-0: Ball 1-0: Ball 2-0: Ball 3-0: Called Strike 3-1: Base on Balls Mason Duffy to second
|
Batting: RHB Brian Rogers
|
0-0: Ball 1-0: Foul Ball, location: 2F 1-1: Ball 2-1: Ball 3-1: Called Strike 3-2: Foul Ball, location: 2F 3-2: Base on Balls Mason Duffy to third Mike Roberts to second
|
Batting: RHB Jaime Rios
|
0-0: Ball 1-0: SINGLE (Groundball, 5S, EV 72.5 MPH) (infield hit) Mason Duffy scores Mike Roberts to third Brian Rogers to second
|
Batting: RHB Zach Maguire
|
0-0: Fly out, F5 (Popup, 56S, EV 75.0 MPH)
|
Batting: RHB Billy Pranger
|
0-0: Called Strike 0-1: Called Strike 0-2: Strikes out swinging
|
Top of the 1st over - 1 run, 2 hits, 0 errors, 3 left on base; Kelowna 1 - Tijuana 0 |
BOTTOM OF THE 1ST |
Tijuana Toros batting - Pitching for Kelowna Heat : RHP Kyle Rindels
|
Pitching: RHP Kyle Rindels
|
|
Batting: LHB Jay Fenderson
|
0-0: Ball 1-0: Ball 2-0: Called Strike 2-1: Ball 3-1: Base on Balls
|
Batting: RHB Francisco de la Cruz
|
0-0: Ball 1-0: Ball 2-0: Foul Ball, location: 2F 2-1: Ball 3-1: Base on Balls Jay Fenderson to second
|
Batting: RHB Juan Gallegos
|
0-0: Called Strike 0-1: Swinging Strike 0-2: Foul Ball, location: 2F 0-2: Strikes out swinging
|
Batting: SHB Dave Reynoso
|
0-0: Ball 1-0: Ball 2-0: Called Strike 2-1: Foul Ball, location: 2F 2-2: Foul Ball, location: 2F 2-2: Ball 3-2: Base on Balls Jay Fenderson to third Francisco de la Cruz to second
|
Batting: SHB Jesus Gomez
|
0-0: Called Strike 0-1: Ball 1-1: Ball 2-1: Swinging Strike 2-2: Foul Ball, location: 2F 2-2: Strikes out looking
|
Batting: RHB Carlos Gonzalez
|
0-0: Swinging Strike 0-1: Foul Ball, location: 2F 0-2: Ball 1-2: Ball 2-2: Ball 3-2: Base on Balls Jay Fenderson scores Francisco de la Cruz to third Dave Reynoso to second
|
Batting: SHB Javy Franco
|
0-0: Ball 1-0: Called Strike 1-1: Fly out, F3 (Line Drive, 3, EV 65.0 MPH)
|
Bottom of the 1st over - 1 run, 0 hits, 0 errors, 3 left on base; Kelowna 1 - Tijuana 1 |
TOP OF THE 2ND |
Kelowna Heat batting - Pitching for Tijuana Toros : RHP Kenny Samuels
|
Batting: RHB Josh Truell
|
0-0: Foul Ball, location: 2F 0-1: Foul Ball, location: 2F 0-2: Ball 1-2: Fly out, F8 (Line Drive, 8RD, EV 96.9 MPH)
|
Batting: RHB Harry Dickson
|
0-0: Ground out 5-3 (Groundball, 56, EV 105.6 MPH)
|
Batting: LHB Mason Duffy
|
0-0: Fly out, F9 (Flyball, 9LS, EV 85.6 MPH)
|
Top of the 2nd over - 0 runs, 0 hits, 0 errors, 0 left on base; Kelowna 1 - Tijuana 1 |
BOTTOM OF THE 2ND |
Tijuana Toros batting - Pitching for Kelowna Heat : RHP Kyle Rindels
|
Batting: LHB Jim Jardine
|
0-0: Ball 1-0: Fly out, F8 (Flyball, 8LD, EV 80.0 MPH)
|
Batting: RHB Riemer de Jonge
|
0-0: Ball 1-0: DOUBLE (Line Drive, 9LM, EV 98.1 MPH)
|
Batting: LHB Jay Fenderson
|
0-0: Foul Ball, location: 2F 0-1: Swinging Strike 0-2: Strikes out swinging
|
Batting: RHB Francisco de la Cruz
|
0-0: Ground out 6-3 (Groundball, 6M, EV 84.4 MPH)
|
Bottom of the 2nd over - 0 runs, 1 hit, 0 errors, 1 left on base; Kelowna 1 - Tijuana 1 |
TOP OF THE 3RD |
Kelowna Heat batting - Pitching for Tijuana Toros : RHP Kenny Samuels
|
Batting: RHB Coen Dirks
|
0-0: Called Strike 0-1: Ball 1-1: Foul Ball, location: 2F 1-2: Ball 2-2: Foul Ball, location: 2F 2-2: Strikes out looking
|
Batting: LHB Mike Roberts
|
0-0: Called Strike 0-1: Ball 1-1: Swinging Strike 1-2: Ball 2-2: Ball 3-2: Foul Ball, location: 2F 3-2: Base on Balls
|
Batting: RHB Brian Rogers
|
0-0: Ball 1-0: Fly out, F9 (Flyball, 89S, EV 91.2 MPH)
|
Batting: RHB Jaime Rios
|
0-0: Ball 1-0: Fly out, F7 (Flyball, 7LD, EV 96.2 MPH)
|
Top of the 3rd over - 0 runs, 0 hits, 0 errors, 1 left on base; Kelowna 1 - Tijuana 1 |
BOTTOM OF THE 3RD |
Tijuana Toros batting - Pitching for Kelowna Heat : RHP Kyle Rindels
|
Batting: RHB Juan Gallegos
|
0-0: Called Strike 0-1: Ball 1-1: Foul Ball, location: 2F 1-2: Ball 2-2: Foul Ball, location: 2F 2-2: Strikes out looking
|
Batting: SHB Dave Reynoso
|
0-0: Called Strike 0-1: Ball 1-1: Ground out 4-3 (Groundball, 34, EV 77.5 MPH)
|
Batting: SHB Jesus Gomez
|
0-0: Called Strike 0-1: Foul Ball, location: 2F 0-2: Foul Ball, location: 2F 0-2: Ball 1-2: Ground out U3 (Groundball, 34S, EV 81.2 MPH)
|
Bottom of the 3rd over - 0 runs, 0 hits, 0 errors, 0 left on base; Kelowna 1 - Tijuana 1 |
TOP OF THE 4TH |
Kelowna Heat batting - Pitching for Tijuana Toros : RHP Kenny Samuels
|
Batting: RHB Zach Maguire
|
0-0: Called Strike 0-1: Ball 1-1: Swinging Strike 1-2: SOLO HOME RUN (Line Drive, 7D, EV 107.5 MPH), Distance : 410 ft
|
Batting: RHB Billy Pranger
|
0-0: Ball 1-0: Ball 2-0: SOLO HOME RUN (Flyball, 7D, EV 95.6 MPH), Distance : 373 ft
|
Batting: RHB Josh Truell
|
0-0: Called Strike 0-1: Foul Ball, location: 2F 0-2: Strikes out swinging
|
Batting: RHB Harry Dickson
|
0-0: Ball 1-0: Ball 2-0: Foul Ball, location: 2F 2-1: Ground out 3-1 (Groundball, 34S, EV 84.4 MPH)
|
Batting: LHB Mason Duffy
|
0-0: Fly out, F8 (Line Drive, 8RD, EV 103.1 MPH)
|
Top of the 4th over - 2 runs, 2 hits, 0 errors, 0 left on base; Kelowna 3 - Tijuana 1 |
BOTTOM OF THE 4TH |
Tijuana Toros batting - Pitching for Kelowna Heat : RHP Kyle Rindels
|
Batting: RHB Carlos Gonzalez
|
0-0: Foul Ball, location: 2F 0-1: Ball 1-1: Swinging Strike 1-2: Strikes out swinging
|
Batting: SHB Javy Franco
|
0-0: Ball 1-0: Ball 2-0: Called Strike 2-1: Ball 3-1: Ground out 6-3 (Groundball, 6, EV 103.8 MPH)
|
Batting: LHB Jim Jardine
|
0-0: Called Strike 0-1: Fly out, F6 (Popup, 6, EV 57.5 MPH)
|
Bottom of the 4th over - 0 runs, 0 hits, 0 errors, 0 left on base; Kelowna 3 - Tijuana 1 |
TOP OF THE 5TH |
Kelowna Heat batting - Pitching for Tijuana Toros : RHP Kenny Samuels
|
Batting: RHB Coen Dirks
|
0-0: SINGLE (Line Drive, 6D, EV 93.8 MPH)
|
Batting: LHB Mike Roberts
|
0-0: Ball 1-0: Ball Wild Pitch! Coen Dirks to second 2-0: Called Strike 2-1: Fly out, F6 (Popup, 6M, EV 55.0 MPH)
|
Batting: RHB Brian Rogers
|
0-0: Ball 1-0: Ball 2-0: SINGLE (Line Drive, 9LS, EV 93.1 MPH) Coen Dirks to third Runner from 3rd tries for Home, SAFE, throw by RF to home Brian Rogers to second
|
Batting: RHB Jaime Rios
|
0-0: Foul Ball, location: 2F 0-1: Ball 1-1: Ball 2-1: SINGLE (Line Drive, 34, EV 94.4 MPH) Brian Rogers to third
|
Batting: RHB Zach Maguire
|
0-0: Hit by Pitch Jaime Rios to second
|
Batting: RHB Billy Pranger
|
0-0: Foul Ball, location: 2F 0-1: Ball 1-1: Fly out, F9 (Flyball, 9LS, EV 88.8 MPH)
|
Batting: RHB Josh Truell
|
0-0: Ball 1-0: Ball 2-0: Ball 3-0: Called Strike 3-1: Called Strike 3-2: Strikes out looking
|
Top of the 5th over - 1 run, 3 hits, 0 errors, 3 left on base; Kelowna 4 - Tijuana 1 |
BOTTOM OF THE 5TH |
Tijuana Toros batting - Pitching for Kelowna Heat : RHP Kyle Rindels
|
Batting: RHB Riemer de Jonge
|
0-0: Ball 1-0: Called Strike 1-1: Called Strike 1-2: Ball 2-2: Strikes out looking
|
Batting: LHB Jay Fenderson
|
0-0: Fly out, F5 (Popup, 5S, EV 71.2 MPH)
|
Batting: RHB Francisco de la Cruz
|
0-0: Ball 1-0: Foul Ball, location: 2F 1-1: Swinging Strike 1-2: Strikes out looking
|
Bottom of the 5th over - 0 runs, 0 hits, 0 errors, 0 left on base; Kelowna 4 - Tijuana 1 |
TOP OF THE 6TH |
Kelowna Heat batting - Pitching for Tijuana Toros : RHP Kenny Samuels
|
Batting: RHB Harry Dickson
|
0-0: Called Strike 0-1: Ball 1-1: Ball 2-1: Fly out, F3 (Popup, 34, EV 69.4 MPH)
|
Batting: LHB Mason Duffy
|
0-0: Swinging Strike 0-1: Ball 1-1: Foul Ball, location: 2F 1-2: SINGLE (Line Drive, 8RS, EV 90.6 MPH)
|
Batting: RHB Coen Dirks
|
0-0: Ball 1-0: Called Strike 1-1: SINGLE (Groundball, 34S, EV 96.2 MPH) Mason Duffy to second Runner from 2nd tries for 3rd, SAFE, throw by RF made to third Coen Dirks to second
|
Batting: LHB Mike Roberts
|
0-0: Ball 1-0: Ball 2-0: Ball 3-0: Base on Balls
|
Batting: RHB Brian Rogers
|
0-0: Ball 1-0: Ball 2-0: Ball 3-0: Called Strike 3-1: Base on Balls Mason Duffy scores Coen Dirks to third Mike Roberts to second
|
Batting: RHB Jaime Rios
|
0-0: Foul Ball, location: 2F 0-1: Fly out, F4 (Popup, 4S, EV 73.1 MPH)
|
Batting: RHB Zach Maguire
|
0-0: Ball 1-0: Foul Ball, location: 2F 1-1: GRAND SLAM HOME RUN (Flyball, 78XD, EV 111.9 MPH), Distance : 422 ft
|
Pitching: RHP Adam Maczko
|
|
Batting: RHB Billy Pranger
|
0-0: Ball 1-0: Swinging Strike 1-1: Ball 2-1: Ball 3-1: Base on Balls
|
Batting: RHB Josh Truell
|
0-0: Foul Ball, location: 2F 0-1: Ball 1-1: Ball 2-1: Ball 3-1: TRIPLE (Flyball, 7LD, EV 97.5 MPH) Billy Pranger scores
|
Batting: RHB Harry Dickson
|
0-0: Fly out, F5 (Line Drive, 5, EV 68.8 MPH)
|
Top of the 6th over - 6 runs, 4 hits, 0 errors, 1 left on base; Kelowna 10 - Tijuana 1 |
BOTTOM OF THE 6TH |
Tijuana Toros batting - Pitching for Kelowna Heat : RHP Kyle Rindels
|
Batting: RHB Juan Gallegos
|
0-0: Ball 1-0: Called Strike 1-1: Ball 2-1: Ball 3-1: Swinging Strike 3-2: Strikes out swinging
|
Pitching: RHP Jonathan Simi
|
|
Batting: SHB Dave Reynoso
|
0-0: Called Strike 0-1: Ball 1-1: Ground out 4-3 (Groundball, 4, EV 83.1 MPH)
|
Batting: SHB Jesus Gomez
|
0-0: Foul Ball, location: 2F 0-1: Swinging Strike 0-2: Ball 1-2: Strikes out looking
|
Bottom of the 6th over - 0 runs, 0 hits, 0 errors, 0 left on base; Kelowna 10 - Tijuana 1 |
TOP OF THE 7TH |
Kelowna Heat batting - Pitching for Tijuana Toros : RHP Adam Maczko
|
Batting: LHB Mason Duffy
|
0-0: Foul Ball, location: 2F 0-1: SINGLE (Groundball, 3L, EV 96.2 MPH)
|
Batting: RHB Coen Dirks
|
0-0: Grounds into double play, 5-4-3 (Groundball, 56, EV 106.2 MPH)
|
Batting: LHB Mike Roberts
|
0-0: Ball 1-0: Called Strike 1-1: Called Strike 1-2: Ball 2-2: SINGLE (Groundball, 6D, EV 107.5 MPH)
|
Batting: RHB Brian Rogers
|
0-0: Swinging Strike 0-1: 2-RUN HOME RUN (Line Drive, 89XD, EV 99.4 MPH), Distance : 413 ft
|
Pitching: RHP Makoto Narita
|
|
Batting: RHB Jaime Rios
|
0-0: Called Strike 0-1: Swinging Strike 0-2: Ball 1-2: Strikes out swinging
|
Top of the 7th over - 2 runs, 3 hits, 0 errors, 0 left on base; Kelowna 12 - Tijuana 1 |
BOTTOM OF THE 7TH |
Tijuana Toros batting - Pitching for Kelowna Heat : RHP Jonathan Simi
|
Batting: RHB Carlos Gonzalez
|
0-0: Called Strike 0-1: Fly out, F2 (Popup, 2LF, EV 90.0 MPH)
|
Batting: SHB Javy Franco
|
0-0: Swinging Strike 0-1: Ball 1-1: Ground out U3 (Groundball, 3, EV 84.4 MPH)
|
Batting: LHB Jim Jardine
|
0-0: Ball 1-0: Swinging Strike 1-1: Ground out 2-3 (Groundball, 2R, EV 70.0 MPH)
|
Bottom of the 7th over - 0 runs, 0 hits, 0 errors, 0 left on base; Kelowna 12 - Tijuana 1 |
TOP OF THE 8TH |
Kelowna Heat batting - Pitching for Tijuana Toros : RHP Makoto Narita
|
Batting: RHB Zach Maguire
|
0-0: Ball 1-0: Ball 2-0: Ball 3-0: Base on Balls
|
Batting: RHB Billy Pranger
|
0-0: Swinging Strike 0-1: Swinging Strike 0-2: Strikes out swinging
|
Batting: RHB Josh Truell
|
0-0: Fly out, F8 (Line Drive, 8RD, EV 85.0 MPH)
|
Batting: RHB Harry Dickson
|
0-0: Ground out 5-3 (Groundball, 56S, EV 81.2 MPH)
|
Top of the 8th over - 0 runs, 0 hits, 0 errors, 1 left on base; Kelowna 12 - Tijuana 1 |
BOTTOM OF THE 8TH |
Tijuana Toros batting - Pitching for Kelowna Heat : RHP Jonathan Simi
|
Batting: RHB Riemer de Jonge
|
0-0: Ball 1-0: Ball 2-0: Called Strike 2-1: Foul Ball, location: 2F 2-2: Strikes out swinging
|
Batting: LHB Jay Fenderson
|
0-0: Ball 1-0: SINGLE (Groundball, 56D, EV 105.6 MPH)
|
Batting: RHB Francisco de la Cruz
|
0-0: Foul Ball, location: 2F 0-1: Foul Ball, location: 2F 0-2: Foul Ball, location: 2F 0-2: Ball 1-2: SINGLE (Flyball, 78S, EV 91.2 MPH) Jay Fenderson to second
|
Pitching: LHP Jimmy Heinecke
|
|
Batting: RHB Juan Gallegos
|
0-0: Swinging Strike 0-1: Ball 1-1: Ball 2-1: SINGLE (Line Drive, 34, EV 96.9 MPH) Jay Fenderson to third Francisco de la Cruz to second
|
Batting: SHB Dave Reynoso
|
0-0: Ball 1-0: Ball 2-0: Swinging Strike 2-1: GRAND SLAM HOME RUN (Flyball, 7D, EV 98.8 MPH), Distance : 390 ft
|
Batting: SHB Jesus Gomez
|
0-0: Ball 1-0: Ball 2-0: Ball 3-0: Called Strike 3-1: Base on Balls
|
Batting: RHB Carlos Gonzalez
|
0-0: Ball 1-0: Foul Ball, location: 2F 1-1: Ball Balk! Jesus Gomez to second 2-1: Ball 3-1: Base on Balls
|
Batting: SHB Javy Franco
|
0-0: Ball 1-0: Ball 2-0: Called Strike 2-1: Called Strike 2-2: Strikes out swinging
|
Batting: LHB Jim Jardine
|
0-0: Fly out, F8 (Line Drive, 8LD, EV 86.2 MPH)
|
Bottom of the 8th over - 4 runs, 4 hits, 0 errors, 2 left on base; Kelowna 12 - Tijuana 5 |
TOP OF THE 9TH |
Kelowna Heat batting - Pitching for Tijuana Toros : RHP Makoto Narita
|
Batting: LHB Mason Duffy
|
0-0: Called Strike 0-1: Swinging Strike 0-2: Ball 1-2: Ball 2-2: Ball 3-2: Foul Ball, location: 2F 3-2: Foul Ball, location: 2F 3-2: SINGLE (Line Drive, 7LS, EV 106.2 MPH)
|
Batting: RHB Coen Dirks
|
0-0: Foul Ball, location: 2F 0-1: Ball 1-1: SINGLE (Line Drive, 78S, EV 86.2 MPH) Mason Duffy to second
|
Batting: LHB Mike Roberts
|
0-0: Ball 1-0: Swinging Strike 1-1: Ball 2-1: Fly out, F8 (Line Drive, 8RD, EV 103.8 MPH)
|
Batting: RHB Brian Rogers
|
0-0: SINGLE (Groundball, 5D, EV 100.0 MPH) Mason Duffy to third Coen Dirks to second Runner from 3rd tries for Home, SAFE, throw by LF to home
|
Batting: LHB Chris West
|
0-0: 3-RUN HOME RUN (Flyball, 7LD, EV 94.4 MPH), Distance : 374 ft
|
Pitching: RHP Cory Bowler
|
|
Batting: RHB Zach Maguire
|
0-0: Called Strike 0-1: Swinging Strike 0-2: Strikes out swinging
|
Batting: RHB Billy Pranger
|
0-0: Ball 1-0: Foul Ball, location: 2F 1-1: Ball 2-1: Ball 3-1: Base on Balls
|
Batting: RHB Josh Truell
|
0-0: Ball 1-0: Ball 2-0: Ball 3-0: Called Strike 3-1: Base on Balls Billy Pranger to second
|
Batting: RHB Harry Dickson
|
0-0: Ball 1-0: Fly out, F9 (Line Drive, 9, EV 85.0 MPH)
|
Top of the 9th over - 4 runs, 4 hits, 0 errors, 2 left on base; Kelowna 16 - Tijuana 5 |
BOTTOM OF THE 9TH |
Tijuana Toros batting - Pitching for Kelowna Heat : LHP Jimmy Heinecke
|
Batting: RHB Riemer de Jonge
|
0-0: Ball 1-0: Reached on error, E6 (Groundball, 56D, EV 103.1 MPH)
|
Batting: LHB Jay Fenderson
|
0-0: Foul Ball, location: 2F 0-1: Foul Ball, location: 2F 0-2: Ball 1-2: Foul Ball, location: 2F 1-2: Ground out 3-1 (Groundball, 34S, EV 63.8 MPH) Riemer de Jonge to third
|
Pitching: RHP Sam Drews
|
|
Batting: RHB Francisco de la Cruz
|
0-0: Swinging Strike 0-1: Ground out U3 (Groundball, 34, EV 86.2 MPH) Riemer de Jonge scores
|
Batting: RHB Juan Gallegos
|
0-0: Ball 1-0: Ground out 3-1 (Groundball, 34, EV 83.1 MPH)
|
Bottom of the 9th over - 1 run, 0 hits, 1 error, 0 left on base; Kelowna 16 - Tijuana 6 |
|